 Dungeon Crawl Stone Soup version 0.14-b1-15-g43f4bc9 (webtiles) character file.

245 Sachiko the Covered (level 4, -15/40 HPs)
             Began as a Minotaur Fighter on Apr 2, 2014.
             Demolished by a kobold
             ... wielding a +2,+2 hand axe of electrocution
              (21 damage)
             ... on Level 2 of the Dungeon.
             The game lasted 00:04:17 (1197 turns).

Sachiko the Covered (Minotaur Fighter)              Turns: 1197, Time: 00:04:17

HP -15/40        AC  8     Str 21      XL: 4   Next: 86%
MP   2/2         EV  7     Int  6      God:
Gold 117         SH 19     Dex  9      Spells:  0 memorised,  3 levels left

rFire  . . .     SeeInvis .     a - +0 long sword
rCold  . . .     Clarity  .     b - +0 scale mail
rNeg   . . .     Conserve .     c - +0 shield
rPois  .         rCorr    .     (helmet restricted)
rElec  .         rRot     .     (no cloak)
SustAb . .       Spirit   .     g - +0 pair of gloves
rMut   .         Warding  .     (no boots)
Saprov . . .     Stasis   .     (no amulet)
MR     .....                    (no ring)
                                (no ring)

@: not resistant to hostile enchantments, extremely unstealthy
A: retaliatory headbutt, horns 2
a: no special abilities


You were on level 2 of the Dungeon.
You were hungry.

You visited 1 branch of the dungeon, and saw 2 of its levels.

You collected 117 gold pieces.

Inventory:

Hand weapons
 a - a +0,+0 long sword (weapon)
Armour
 b - a +0 scale mail (worn)
 c - a +0 shield (worn)
 g - a +0 pair of gloves (worn)
Comestibles
 d - a bread ration
 m - a choko
Scrolls
 i - a scroll of blinking {unknown}
 j - 2 scrolls of identify {unknown}
 l - 4 scrolls of remove curse {unknown}
 o - a scroll of enchant armour {unknown}
 p - a scroll of magic mapping {unknown}
Jewellery
 k - a cursed ring of hunger {unknown}
Potions
 e - a potion of might
 f - a potion of curing {unknown}
 h - 2 potions of agility {unknown}
 n - a potion of restore abilities {unknown}


   Skills:
 + Level 4.2 Fighting
 + Level 3.0 Long Blades
 + Level 4.7 Armour
 + Level 1.8 Dodging
 + Level 4.7 Shields


You had 3 spell levels left.
You didn't know any spells.

Dungeon Overview and Level Annotations

Branches:
Dungeon (2/15)

Altars:


Innate Abilities, Weirdness & Mutations

You reflexively headbutt those who attack you in melee.
You have a pair of horns on your head.


Message History

The gnoll hits you but does no damage.
Drink which item? (? for menu, Esc to quit)
Okay, then.
The gnoll hits you from afar with a halberd.
* * * LOW HITPOINT WARNING * * *
You block the gnoll's attack.
There is a stone staircase leading down here.
You see here a dart.
You see here a short sword.
A kobold comes into view. It is wielding a runed hand axe.
The kobold shouts!
The kobold hits you with a runed hand axe.
* * * LOW HITPOINT WARNING * * *
There is an open door here.
The kobold hits you with a runed hand axe.
* * * LOW HITPOINT WARNING * * *
There is a stone staircase leading up here.
The kobold hits you but does no damage.
You are electrocuted!
Ouch! That really hurt!
You die...

#........##.##.......
#........##.##.#####.
#........##..#.#####.
#........#..........#
#........#.......##.#
##########...#.#.)...
####...........
####..........%...
#@Kg..g...........
####..............
#.........###..
##.........# #..
#..........# #..
#..........# #..
#..........# #..
##.........###..
#####.......'..


You could see 2 gnolls and a kobold.

Vanquished Creatures
  Jessica (D:2)
  Terence (D:2)
  2 gnolls (D:2)
  3 adders (D:2)
  A worm (D:2)
  2 giant geckos (D:2)
  6 hobgoblins
  7 jackals
  6 kobolds
  3 giant cockroaches (D:1)
  4 giant newts
  6 goblins
  A quokka (D:2)
  5 rats
48 creatures vanquished.

Notes
Turn   | Place    | Note
--------------------------------------------------------------
     0 | D:1      | Sachiko, the Minotaur Fighter, began the quest for the Orb.
     0 | D:1      | Reached XP level 1. HP: 19/19 MP: 1/1
   205 | D:1      | Reached skill level 4 in Armour
   205 | D:1      | Reached XP level 2. HP: 21/27 MP: 1/1
   571 | D:2      | Reached XP level 3. HP: 33/33 MP: 2/2
   645 | D:2      | Noticed Terence
   653 | D:2      | Killed Terence
   653 | D:2      | Reached skill level 1 in Dodging
   840 | D:2      | Reached XP level 4. HP: 26/40 MP: 2/2
   988 | D:2      | Noticed Jessica
  1003 | D:2      | Killed Jessica
  1197 | D:2      | Demolished by a kobold

Action                   |  1- 3 |  4- 6 || total
-------------------------+-------+-------++-------
Melee: Long sword        |   102 |    32 ||   134
